 Dungeon Crawl Stone Soup version 0.28-a0-474-g535839065c (webtiles) character file.

Game seed: 2046989818373726028

143 dduke234 the Skirmisher (level 5, -1/55 HPs)
             Began as an Ogre Fighter on Sept 15, 2021.
             Slain by a worm (3 damage)
             ... on level 2 of the Dungeon.
             The game lasted 00:02:29 (2198 turns).

dduke234 the Skirmisher (Ogre Fighter)              Turns: 2198, Time: 00:02:30

Health: -1/55      AC:  3    Str: 21    XL:     5   Next: 25%
Magic:  5/5        EV:  8    Int:  9    God:
Gold:   102        SH:  7    Dex:  8    Spells: 4/4 levels left

rFire   . . .      SeeInvis .   a - +0 war axe
rCold   . . .      Faith    .   c - +0 kite shield
rNeg    . . .      Spirit   .   b - +0 robe
rPois   .          Reflect  .   (helmet restricted)
rElec   .          Harm     .   (no cloak)
rCorr   .          Rampage  .   (gloves unavailable)
Will    .....                   (boots unavailable)
Stlth   +.........              (no amulet)
HPRegen 0.18/turn               (no ring)
MPRegen 0.09/turn               (no ring)

@: mighty
A: large, unfitting armour, tough skin 1
a: no special abilities


You were on level 2 of the Dungeon.
You visited 1 branch of the dungeon, and saw 2 of its levels.

You collected 102 gold pieces.

Inventory:

Hand Weapons
 a - a +0 war axe (weapon)
Armour
 b - a +0 robe (worn)
 c - a +0 kite shield (worn)
 g - a +0 scale mail
Scrolls
 e - a scroll of identify {unknown}
Potions
 f - a potion of resistance {unknown}
 h - a potion of mutation {unknown}


   Skills:
 * Level 4.8 Fighting
 * Level 3.7 Axes
 * Level 3.8 Dodging
 + Level 0.2 Stealth
 - Level 2.6 Shields


You had 4 spell levels left.
You didn't know any spells.
Your spell library contained the following spells:

 Spells                   Type           Power      Damage    Failure   Level
 Animate Skeleton         Necr           0%         N/A       85%         1
 Apportation              Tloc           0%         N/A       85%         1
 Summon Small Mammal      Summ           0%         N/A       85%         1


Dungeon Overview and Level Annotations

Branches:
Dungeon (2/15)

Altars:

Shops:
D:1 =


Innate Abilities, Weirdness & Mutations

You are too large for most types of armour.
You have tough skin. (AC +1)


Message History

A ball python is nearby!
An ogre comes into view. It is wielding a +0 giant spiked club.
A worm comes into view.
A bat and a quokka come into view.
The ball python bites you but does no damage.
You hit the ball python.
The ball python is severely wounded.
The bat hits you but does no damage. The ball python barely misses you.
The bat hits you but does no damage.
The ball python bites you but does no damage.
You hit the ball python.
You kill the ball python!
You slash the bat!
You kill the bat!
You have reached level 4!
You slash the ogre!
The ogre is heavily wounded.
The ogre hits you with a +0 giant spiked club!! x2
* * * LOW HITPOINT WARNING * * *
You are too injured to fight recklessly!
You feel very mighty all of a sudden. The quokka misses you.
You slice the ogre!!
You kill the ogre!
You closely miss the quokka.
The quokka bites you but does no damage.
The quokka closely misses you.
You have reached level 5!
The quokka bites you but does no damage.
You see here a +0 giant spiked club.
You slash the quokka!
You kill the quokka!
You hit the worm. You block the worm's attack. The worm bites you.
* * * LOW HITPOINT WARNING * * *
You slash the worm!
The worm is severely wounded.
A rat comes into view.
The worm bites you.
You die...

#.######.###.# #.#
#..##.# #.# ##.##.# #.#
#.##.# #.# #.##.# #.#
#.##.#
#####.#######.##.#
.######...........#.##.#
.......@).........#.##.#
r......w.......(..#..#.#
.......#############.#..
....... #...# .......
##..# ....... #..#
..#+### #..# .. #..#
##.#


You could see a worm and a rat (wandering).

Vanquished Creatures
  An ogre (D:2)
  An adder (D:2)
  2 dart slugs (D:1)
  7 endoplasms
  3 giant cockroaches (D:1)
  2 goblins
  2 hobgoblins
  4 jackals (D:2)
  5 quokkas
  3 ball pythons
  5 bats
  2 frilled lizards
  A kobold (D:1)
  A rat (D:1)
39 creatures vanquished.

Vanquished Creatures (others)
  4 toadstools (D:1)
4 creatures vanquished.

Grand Total: 43 creatures vanquished

Notes
Turn   | Place    | Note
-------+----------+-------------------------------------------
     0 | D:1      | dduke234 the Ogre Fighter began the quest for the Orb.
     0 | D:1      | Reached XP level 1. HP: 24/24 MP: 1/1
   265 | D:1      | Reached XP level 2. HP: 32/32 MP: 2/2
   721 | D:1      | Found Dolaukko's Jewellery Emporium.
  1108 | D:1      | Reached XP level 3. HP: 40/40 MP: 3/3
  1943 | D:2      | Found a faded altar of an unknown god.
  2188 | D:2      | Noticed an ogre
  2192 | D:2      | Reached XP level 4. HP: 49/49 MP: 4/4
  2194 | D:2      | Killed an ogre
  2195 | D:2      | Reached XP level 5. HP: 5/55 MP: 5/5
  2197 | D:2      | HP: 2/55 [worm (4)]
  2198 | D:2      | Slain by a worm

Illustrated notes

Levels and vault maps discovered:
D:1:      ldierk_water_garden, layout_loops_corners, serial_shops,
          nicolae_shop_trees
D:2:      layout_basic, shapermc_ecumenical_altar_hornbeckon,
          grunt_ministairs_14

Skill      XL: |  1  2  3 |
---------------+----------+-----
Dodging        | 3 |  3.8
Axes           | 3 |  3.7
Fighting       | |  4.8
Stealth        | |  0.2
Shields        | |  2.6

Action                   |  1- 3 |  4- 6 || total
-------------------------+-------+-------++-------
Melee: War axe           |   117 |     4 ||   121
  Use: Scroll            |     2 |       ||     2
       Potion            |       |     1 ||     1
 Stab: Sleeping          |     1 |       ||     1
Armor: Robe              |    57 |     2 ||    59
Dodge: Dodged            |    53 |     2 ||    55
Block: Kite shield       |    55 |     1 ||    56

Table legend: (Time is in decaauts)
 A = Elapsed time spent in this place.
 B = Non-inter-level travel time spent in this place.
 C = Inter-level travel time spent in this place.
 D = Time resting spent in this place.
 E = Time spent auto-exploring this place.
 F = Levels seen in this place.
 G = Mean time per level.
                   A        B        C        D        E       F      G
               +--------+--------+--------+--------+--------+-----+--------+
         Total |   2281 |   2252 |     29 |      0 |   1913 |   2 | 1140.5 |
       Dungeon |   2281 |   2252 |     29 |      0 |   1913 |   2 | 1140.5 |
               +--------+--------+--------+--------+--------+-----+--------+

Top non-repeatable levels by time:
     D:1: 1446 daAuts
     D:2: 835 daAuts
